| TOP OF THE 1ST |
|
Elizabethton Twins batting - Pitching for Boston (APP) Red Sox : RHP Ryuhei Shimabukuro
|
|
Pitching: RHP Ryuhei Shimabukuro
|
|
|
Batting: RHB Caleb Bockmann
|
0-0: SINGLE (Groundball, 6M, EV 108.8 MPH) (infield hit)
|
|
Batting: RHB Kevin Harris
|
0-0: Foul Ball, location: 2F 0-1: Called Strike 0-2: Ball 1-2: Ball 2-2: Ball 3-2: Base on Balls Caleb Bockmann to second
|
|
Batting: LHB Marshall Daul
|
0-0: Swinging Strike 0-1: Foul Ball, location: 2F 0-2: Ball 1-2: Ball 2-2: 3-RUN HOME RUN (Flyball, 9D, EV 94.4 MPH), Distance : 371 ft
|
|
Batting: RHB David McClellan
|
0-0: Fly out, F3 (Line Drive, 34D, EV 66.2 MPH)
|
|
Batting: RHB Steve Terrell
|
0-0: Ball 1-0: Ground out 6-3 (Groundball, 6, EV 88.8 MPH)
|
|
Batting: LHB David Ramos
|
0-0: Called Strike 0-1: Foul Ball, location: 2F 0-2: Foul Ball, location: 2F 0-2: Ball 1-2: Strikes out looking
|
| Top of the 1st over - 3 runs, 2 hits, 0 errors, 0 left on base; Elizabethton 3 - Boston (APP) 0 |
| BOTTOM OF THE 1ST |
|
Boston (APP) Red Sox batting - Pitching for Elizabethton Twins : RHP Felix Perez
|
|
Pitching: RHP Felix Perez
|
|
|
Batting: RHB Aukukero Tairi
|
0-0: Ball 1-0: Ball 2-0: Fly out, F8 (Flyball, 8LXD, EV 102.5 MPH)
|
|
Batting: SHB Salvador Padilla
|
0-0: Called Strike 0-1: Called Strike 0-2: Ground out 4-3 (Groundball, 4, EV 81.9 MPH)
|
|
Batting: RHB Tony Nunez
|
0-0: Called Strike 0-1: Foul Ball, location: 2F 0-2: Ground out 5-3 (Groundball, 56S, EV 78.8 MPH)
|
| Bottom of the 1st over - 0 runs, 0 hits, 0 errors, 0 left on base; Elizabethton 3 - Boston (APP) 0 |
| TOP OF THE 2ND |
|
Elizabethton Twins batting - Pitching for Boston (APP) Red Sox : RHP Ryuhei Shimabukuro
|
|
Batting: RHB Nate Matson
|
0-0: Foul Ball, location: 2F 0-1: Fly out, F7 (Flyball, 7, EV 97.5 MPH)
|
|
Batting: LHB Jon Ventura
|
0-0: Ball 1-0: Swinging Strike 1-1: Fly out, F4 (Popup, 4D, EV 66.9 MPH)
|
|
Batting: RHB David McDonald
|
0-0: Ball 1-0: Ball 2-0: Ground out 5-3 (Groundball, 56, EV 108.8 MPH)
|
| Top of the 2nd over - 0 runs, 0 hits, 0 errors, 0 left on base; Elizabethton 3 - Boston (APP) 0 |
| BOTTOM OF THE 2ND |
|
Boston (APP) Red Sox batting - Pitching for Elizabethton Twins : RHP Felix Perez
|
|
Batting: RHB Dave Burwell
|
0-0: Foul Ball, location: 2F 0-1: Swinging Strike 0-2: Foul Ball, location: 2F 0-2: Ball 1-2: Strikes out looking
|
|
Batting: RHB John Doucette
|
0-0: Ball 1-0: Called Strike 1-1: Foul Ball, location: 2F 1-2: Ball 2-2: Ground out 4-3 (Groundball, 4, EV 85.6 MPH)
|
|
Batting: LHB Mike Hutcheson
|
0-0: Ball 1-0: Ball 2-0: Ball 3-0: Called Strike 3-1: Foul Ball, location: 2F 3-2: Ground out 5-3 (Groundball, 56, EV 101.9 MPH)
|
| Bottom of the 2nd over - 0 runs, 0 hits, 0 errors, 0 left on base; Elizabethton 3 - Boston (APP) 0 |
| TOP OF THE 3RD |
|
Elizabethton Twins batting - Pitching for Boston (APP) Red Sox : RHP Ryuhei Shimabukuro
|
|
Batting: RHB Caleb Bockmann
|
0-0: Ball 1-0: Foul Ball, location: 2F 1-1: Ball 2-1: Ball 3-1: Base on Balls
|
|
Batting: RHB Kevin Harris
|
0-0: Called Strike 0-1: Foul Ball, location: 2F 0-2: Ball 1-2: Foul Ball, location: 2F 1-2: Ball Caleb Bockmann steals 2nd base 2-2: Strikes out swinging
|
|
Batting: LHB Marshall Daul
|
0-0: Ball 1-0: Ball 2-0: Ball 3-0: Base on Balls
|
|
Batting: RHB David McClellan
|
0-0: Ground out 5-3 (Groundball, 56S, EV 67.5 MPH) Caleb Bockmann to third Marshall Daul to second
|
|
Batting: RHB Steve Terrell
|
0-0: Ball 1-0: Called Strike 1-1: Called Strike 1-2: Strikes out looking
|
| Top of the 3rd over - 0 runs, 0 hits, 0 errors, 2 left on base; Elizabethton 3 - Boston (APP) 0 |
| BOTTOM OF THE 3RD |
|
Boston (APP) Red Sox batting - Pitching for Elizabethton Twins : RHP Felix Perez
|
|
Batting: RHB Tony Gallegos
|
0-0: Ball 1-0: Foul Ball, location: 2F 1-1: Swinging Strike 1-2: Ground out 4-3 (Groundball, 4, EV 100.0 MPH)
|
|
Batting: RHB Miguel Villanueva
|
0-0: Foul Ball, location: 2F 0-1: Swinging Strike 0-2: Ball 1-2: Foul Ball, location: 2F 1-2: Strikes out swinging
|
|
Batting: RHB Mario Arriero
|
0-0: Ground out 6-3 (Groundball, 6M, EV 83.8 MPH)
|
| Bottom of the 3rd over - 0 runs, 0 hits, 0 errors, 0 left on base; Elizabethton 3 - Boston (APP) 0 |
| TOP OF THE 4TH |
|
Elizabethton Twins batting - Pitching for Boston (APP) Red Sox : RHP Ryuhei Shimabukuro
|
|
Batting: LHB David Ramos
|
0-0: Ball 1-0: Called Strike 1-1: Foul Ball, location: 2F 1-2: Strikes out swinging
|
|
Batting: RHB Nate Matson
|
0-0: Ball 1-0: Ball 2-0: Called Strike 2-1: Swinging Strike 2-2: Strikes out swinging
|
|
Batting: LHB Jon Ventura
|
0-0: Called Strike 0-1: Ball 1-1: Ball 2-1: Foul Ball, location: 2F 2-2: Foul Ball, location: 2F 2-2: Ball 3-2: Base on Balls
|
|
Batting: RHB David McDonald
|
0-0: Ball 1-0: Ball Jon Ventura is caught stealing 2nd base 2-4
|
| Top of the 4th over - 0 runs, 0 hits, 0 errors, 0 left on base; Elizabethton 3 - Boston (APP) 0 |
| BOTTOM OF THE 4TH |
|
Boston (APP) Red Sox batting - Pitching for Elizabethton Twins : RHP Felix Perez
|
|
Batting: RHB Aukukero Tairi
|
0-0: Called Strike 0-1: Swinging Strike 0-2: Ball 1-2: Ball 2-2: Strikes out looking
|
|
Batting: SHB Salvador Padilla
|
0-0: Ball 1-0: Called Strike 1-1: Called Strike 1-2: Foul Ball, location: 2F 1-2: Ball 2-2: Ball 3-2: Strikes out swinging
|
|
Batting: RHB Tony Nunez
|
0-0: DOUBLE (Line Drive, 89D, EV 100.6 MPH)
|
|
Batting: RHB Dave Burwell
|
0-0: Fly out, F8 (Line Drive, 8LM, EV 105.0 MPH)
|
| Bottom of the 4th over - 0 runs, 1 hit, 0 errors, 1 left on base; Elizabethton 3 - Boston (APP) 0 |
| TOP OF THE 5TH |
|
Elizabethton Twins batting - Pitching for Boston (APP) Red Sox : RHP Ryuhei Shimabukuro
|
|
Batting: RHB David McDonald
|
0-0: SINGLE (Groundball, 6MD, EV 99.4 MPH)
|
|
Batting: RHB Caleb Bockmann
|
0-0: Grounds into double play, 4-6-3 (Groundball, 4, EV 106.9 MPH)
|
|
Batting: RHB Kevin Harris
|
0-0: Ball 1-0: Ball 2-0: Foul Ball, location: 2F 2-1: Ground out 6-3 (Groundball, 6, EV 101.2 MPH)
|
| Top of the 5th over - 0 runs, 1 hit, 0 errors, 0 left on base; Elizabethton 3 - Boston (APP) 0 |
| BOTTOM OF THE 5TH |
|
Boston (APP) Red Sox batting - Pitching for Elizabethton Twins : RHP Felix Perez
|
|
Batting: RHB John Doucette
|
0-0: Ball 1-0: Called Strike 1-1: Swinging Strike 1-2: Ball 2-2: Fly out, F8 (Line Drive, 8RM, EV 90.0 MPH)
|
|
Batting: LHB Mike Hutcheson
|
0-0: Called Strike 0-1: Foul Ball, location: 2F 0-2: Strikes out swinging
|
|
Batting: RHB Tony Gallegos
|
0-0: Ball 1-0: Called Strike 1-1: Swinging Strike 1-2: Ball 2-2: Strikes out swinging
|
| Bottom of the 5th over - 0 runs, 0 hits, 0 errors, 0 left on base; Elizabethton 3 - Boston (APP) 0 |
| TOP OF THE 6TH |
|
Elizabethton Twins batting - Pitching for Boston (APP) Red Sox : RHP Ryuhei Shimabukuro
|
|
Batting: LHB Marshall Daul
|
0-0: Called Strike 0-1: Foul Ball, location: 2F 0-2: Ball 1-2: Foul Ball, location: 2F 1-2: Ball 2-2: Ground out 4-3 (Groundball, 34S, EV 85.0 MPH)
|
|
Batting: RHB David McClellan
|
0-0: Ball 1-0: Ball 2-0: Swinging Strike 2-1: Foul Ball, location: 2F 2-2: Ground out 4-3 (Groundball, 4, EV 88.1 MPH)
|
|
Batting: RHB Steve Terrell
|
0-0: Ball 1-0: Ball 2-0: Ball 3-0: Swinging Strike 3-1: Swinging Strike 3-2: Base on Balls
|
|
Batting: LHB David Ramos
|
0-0: Called Strike Steve Terrell is caught stealing 2nd base 2-6
|
| Top of the 6th over - 0 runs, 0 hits, 0 errors, 0 left on base; Elizabethton 3 - Boston (APP) 0 |
| BOTTOM OF THE 6TH |
|
Boston (APP) Red Sox batting - Pitching for Elizabethton Twins : RHP Felix Perez
|
|
Batting: RHB Miguel Villanueva
|
0-0: Ball 1-0: Called Strike 1-1: Foul Ball, location: 2F 1-2: Ball 2-2: Foul Ball, location: 2F 2-2: Ball 3-2: Strikes out looking
|
|
Batting: RHB Mario Arriero
|
0-0: Ball 1-0: SOLO HOME RUN (Flyball, 9LD, EV 98.1 MPH), Distance : 356 ft
|
|
Batting: RHB Aukukero Tairi
|
0-0: Foul Ball, location: 2F 0-1: Ball 1-1: Ball 2-1: Called Strike 2-2: Foul Ball, location: 2F 2-2: Ball 3-2: Foul Ball, location: 2F 3-2: Base on Balls
|
|
Batting: SHB Salvador Padilla
|
0-0: Ball 1-0: Ball 2-0: Hit by Pitch Aukukero Tairi to second
|
|
Pitching: RHP Takeshi Kusanagi
|
|
|
Batting: RHB Tony Nunez
|
0-0: Called Strike 0-1: Foul Ball, location: 2F 0-2: Foul Ball, location: 2F 0-2: Ball 1-2: Fielders Choice at 2nd, 3-6 (Groundball, 34, EV 111.2 MPH) Aukukero Tairi to third
|
|
Batting: RHB Dave Burwell
|
0-0: SINGLE (Groundball, 6D, EV 100.6 MPH) Aukukero Tairi scores Tony Nunez to second Runner from 2nd tries for 3rd, SAFE, throw by CF made to third
|
|
Batting: RHB John Doucette
|
0-0: Called Strike 0-1: Ball Wild Pitch! Tony Nunez scores Dave Burwell to second 1-1: Ball 2-1: Ball 3-1: Foul Ball, location: 2F 3-2: Base on Balls
|
|
Batting: LHB Mike Hutcheson
|
0-0: Ball 1-0: Foul Ball, location: 2F 1-1: SINGLE (Groundball, 6D, EV 96.9 MPH) Dave Burwell to third John Doucette to second Runner from 3rd tries for Home, SAFE, throw by CF to home
|
|
Batting: RHB Tony Gallegos
|
0-0: Ball 1-0: Fly out, F4 (Flyball, 34D, EV 86.9 MPH)
|
| Bottom of the 6th over - 4 runs, 3 hits, 0 errors, 2 left on base; Elizabethton 3 - Boston (APP) 4 |
| TOP OF THE 7TH |
|
Elizabethton Twins batting - Pitching for Boston (APP) Red Sox : RHP Ryuhei Shimabukuro
|
|
Pitching: LHP Anton Lara
|
|
|
Pinch Hitting: RHB Sergio Gomez
|
0-0: SINGLE (Groundball, 4D, EV 105.0 MPH)
|
|
Pitching: RHP Tyler Tomblin
|
|
|
Batting: RHB Nate Matson
|
0-0: Called Strike 0-1: Fly out, F9 (Flyball, 9D, EV 101.2 MPH)
|
|
Pinch Hitting: RHB Tim Carter
|
0-0: Ball 1-0: Foul Ball, location: 2F 1-1: Ball Sergio Gomez steals 2nd base 2-1: Ball 3-1: Base on Balls
|
|
Batting: RHB David McDonald
|
0-0: Ball 1-0: Ball 2-0: Fly out, F6 (Popup, 6MD, EV 63.8 MPH)
|
|
Batting: RHB Caleb Bockmann
|
0-0: Called Strike 0-1: Ball 1-1: Foul Ball, location: 2F 1-2: Ball 2-2: Ball 3-2: Foul Ball, location: 2F 3-2: Base on Balls Sergio Gomez to third Tim Carter to second
|
|
Batting: RHB Kevin Harris
|
0-0: Ball 1-0: Ground out 1-3 (Groundball, 15S, EV 70.6 MPH)
|
| Top of the 7th over - 0 runs, 1 hit, 0 errors, 3 left on base; Elizabethton 3 - Boston (APP) 4 |
| BOTTOM OF THE 7TH |
|
Boston (APP) Red Sox batting - Pitching for Elizabethton Twins : RHP Takeshi Kusanagi
|
|
Now at 1B: Tomas Espino
|
|
|
Now in RF: Hector Olvera
|
|
|
Batting: RHB Miguel Villanueva
|
0-0: Swinging Strike 0-1: Foul Ball, location: 2F 0-2: Strikes out looking
|
|
Batting: RHB Mario Arriero
|
0-0: Ball 1-0: Ball 2-0: Called Strike 2-1: Foul Ball, location: 2F 2-2: Ground out 4-3 (Groundball, 4M, EV 83.1 MPH)
|
|
Batting: RHB Aukukero Tairi
|
0-0: Ground out 6-3 (Groundball, 6, EV 88.1 MPH)
|
| Bottom of the 7th over - 0 runs, 0 hits, 0 errors, 0 left on base; Elizabethton 3 - Boston (APP) 4 |
| TOP OF THE 8TH |
|
Elizabethton Twins batting - Pitching for Boston (APP) Red Sox : RHP Tyler Tomblin
|
|
Pitching: RHP Dan Jenkins
|
|
|
Batting: LHB Marshall Daul
|
0-0: Ball 1-0: Called Strike 1-1: Ball 2-1: Called Strike 2-2: Ball 3-2: Base on Balls
|
|
Batting: RHB David McClellan
|
0-0: Fielders Choice at 2nd, 6-4 (Groundball, 6, EV 102.5 MPH)
|
|
Batting: RHB Steve Terrell
|
0-0: Called Strike 0-1: Ball 1-1: Fly out, F9 (Flyball, 9, EV 83.1 MPH)
|
|
Batting: LHB Tomas Espino
|
0-0: Ball 1-0: Swinging Strike 1-1: Called Strike 1-2: Ball 2-2: Strikes out swinging
|
| Top of the 8th over - 0 runs, 0 hits, 0 errors, 1 left on base; Elizabethton 3 - Boston (APP) 4 |
| BOTTOM OF THE 8TH |
|
Boston (APP) Red Sox batting - Pitching for Elizabethton Twins : RHP Takeshi Kusanagi
|
|
Pitching: LHP Bryan Rouse
|
|
|
Batting: SHB Salvador Padilla
|
0-0: Foul Ball, location: 2F 0-1: Ball 1-1: Foul Ball, location: 2F 1-2: DOUBLE (Flyball, 8LD, EV 98.8 MPH)
|
|
Batting: RHB Tony Nunez
|
0-0: Called Strike 0-1: Ground out 1-3 (Groundball, 34S, EV 64.4 MPH) Salvador Padilla to third
|
|
Batting: RHB Dave Burwell
|
0-0: Ball 1-0: Ball 2-0: Ball 3-0: Called Strike 3-1: Foul Ball, location: 2F 3-2: Base on Balls
|
|
Batting: RHB John Doucette
|
0-0: Ball 1-0: Ball Dave Burwell steals 2nd, throwing error, E2 Salvador Padilla scores Dave Burwell to third 2-0: Intentional Walk
|
|
Batting: LHB Mike Hutcheson
|
0-0: Fielders Choice at 2nd, 6-4 (Groundball, 6, EV 86.9 MPH) Dave Burwell scores
|
|
Batting: RHB Tony Gallegos
|
0-0: Ball 1-0: Called Strike 1-1: Ball 2-1: Called Strike 2-2: Foul Ball, location: 2F 2-2: Strikes out swinging, 2-3 out at first.
|
| Bottom of the 8th over - 2 runs, 1 hit, 1 error, 1 left on base; Elizabethton 3 - Boston (APP) 6 |
| TOP OF THE 9TH |
|
Elizabethton Twins batting - Pitching for Boston (APP) Red Sox : RHP Dan Jenkins
|
|
Batting: RHB Nate Matson
|
0-0: Ball 1-0: Called Strike 1-1: Ball 2-1: Called Strike 2-2: Foul Ball, location: 2F 2-2: Strikes out swinging
|
|
Batting: LHB Hector Olvera
|
0-0: Called Strike 0-1: Called Strike 0-2: Foul Ball, location: 2F 0-2: Ball 1-2: Strikes out swinging
|
|
Batting: RHB David McDonald
|
0-0: Ball 1-0: Ball 2-0: SINGLE (Groundball, 4MD, EV 99.4 MPH)
|
|
Batting: RHB Caleb Bockmann
|
Pickoff Throw to First - Out! 1-3
|
| Top of the 9th over - 0 runs, 1 hit, 0 errors, 0 left on base; Elizabethton 3 - Boston (APP) 6 |
|